 Dungeon Crawl Stone Soup version 0.31-a0-692-gf03d1854d5 (webtiles) character file.

Game seed: 8350132973044654558

27 Essalna the Conjurer (level 2, 0/19 HPs)
             Began as a Demonspawn Conjurer on Sept 7, 2023.
             Fell down a flight of stairs (1 damage)
             ... on level 2 of the Dungeon.
             The game lasted 00:01:11 (901 turns).

Essalna the Conjurer (Demonspawn Conjurer)           Turns: 901, Time: 00:01:11

Health: 0/19       AC:  2    Str:  7    XL:     2   Next: 93%
Magic:  2/5        EV: 12    Int: 19    God:
Gold:   62         SH:  0    Dex: 11    Spells: 3/6 levels left

rFire   . . .        c - +0 spear
rCold   . . .        (no shield)
rNeg    . . .        a - +0 robe
rPois   .            (no helmet)
rElec   .            (no cloak)
rCorr   .            (no gloves)
SInv    .            (no boots)
Will    .....        (no amulet)
Stlth   +            (no ring)
HPRegen 0.23/turn    (no ring)
MPRegen 0.09/turn

%: no passive effects
@: confused
A: powered by death 1
a: no special abilities


You were on level 2 of the Dungeon.
You visited 1 branch of the dungeon, and saw 2 of its levels.

You collected 62 gold pieces.

Inventory:

Hand Weapons
 c - a +0 spear (weapon)
Armour
 a - a +0 robe (worn)
Scrolls
 d - a scroll of identify {unknown}
 e - a scroll of fog {unknown}
 g - a scroll of teleportation {unknown}
 j - a scroll of revelation {unknown}
Potions
 b - a potion of magic
 f - a potion of brilliance {unknown}
 h - a potion of curing {unknown}
 i - a potion of attraction {unknown}


   Skills:
 - Level 1.7 Dodging
 - Level 1.7 Stealth
 + Level 2.7 Spellcasting
 + Level 4.5 Conjurations


You had 3 spell levels left.
You knew the following spells:

 Your Spells              Type           Power      Damage    Failure   Level
a - Magic Dart            Conj           76%        1d6       2%          1
b - Searing Ray           Conj           38%        2d5       3%          2

Your spell library contained the following spells:

 Spells                   Type           Power      Damage    Failure   Level
 Dazzling Flash           Conj/Hex       22%        N/A       19%         3
 Fulminant Prism          Conj/Hex       5%         3d7       52%         4
 Iskenderun's Mystic Bla  Conj/Tloc      11%        2d4       52%         4


Dungeon Overview and Level Annotations

Branches:
Dungeon (2/15)

Altars:

Annotations:
D:2 Sigmund


Innate Abilities, Weirdness & Mutations

You regenerate a little health from kills.


Message History

The magic dart hits the ball python.
You kill the ball python!
You can't see any susceptible monsters within range! (Use Z to cast anyway.)
i - a dark potion You can't see any susceptible monsters within range! (Use Z to cast anyway.)
j - a scroll labelled ENIATI BUPPOSM Key pressed, stopping explore.
A goblin comes into view. It is wielding a +0 dagger.
The goblin shouts!
The magic dart hits the goblin.
You kill the goblin!
You can't see any susceptible monsters within range! (Use Z to cast anyway.)
You can't see any susceptible monsters within range! (Use Z to cast anyway.) Sigmund the Dreaded comes into view.
He is wielding a +0 scythe.
The magic dart hits Sigmund.
Sigmund is lightly wounded.
Sigmund shouts!
The magic dart hits Sigmund but does no damage.
Sigmund is lightly wounded.
Casting: Magic Dart (safe; 2% risk of failure)
Confirm with . or Enter, or press ? or * to list all spells.
You can't see any susceptible monsters within range! (Use Z to cast anyway.) Unknown command.
The magic dart hits Sigmund.
Sigmund is heavily wounded.
Sigmund points at you and mumbles some strange words.
You are confused.
You bump into the rock wall.
Sigmund mumbles some strange words.
Sigmund flickers and vanishes!
Deactivating autopickup; reactivate with Ctrl-A.
A puff of flame appears from out of thin air!
The puff of flame hits you!
A puff of flame appears from out of thin air!
The puff of flame hits you!
Ouch! That really hurt!
* * * LOW HITPOINT WARNING * * *
There is a stone staircase leading up here.
In your confused state, you trip and fall back down the stairs.
You die...

##...........##..#
#...............#
.####.#..........###
.....#............#
####................#
#.)...##............#
.......##...........#
...$............#...#
......{..@.....<#...#
..........##.##.#...#
.............##.#...#
........####.##.#....
........# #..........
....^..##
##.#.#...... #.....#
.#.. #####.


There were no monsters in sight!

Vanquished Creatures
  An adder (D:2)
  A ball python (D:2)
  An endoplasm (D:1)
  3 giant cockroaches (D:1)
  4 goblins
  A hobgoblin (D:1)
  A quokka (D:1)
  A frilled lizard (D:1)
  A kobold (D:1)
  3 rats
17 creatures vanquished.

Notes
Turn   | Place    | Note
-------+----------+-------------------------------------------
     0 | D:1      | Essalna the Demonspawn Conjurer began the quest for the
                  | Orb.
     0 | D:1      | Reached XP level 1. HP: 13/13 MP: 3/3
    75 | D:1      | Found Zati's Distillery.
   391 | D:1      | Gained mutation: You regenerate a little health from kills.
                  | [demonic ancestry]
   391 | D:1      | Reached XP level 2. HP: 19/19 MP: 3/5
   550 | D:1      | Learned a level 2 spell: Searing Ray
   891 | D:2      | Noticed Sigmund
   901 | D:2      | Fell down a flight of stairs

Illustrated notes

Levels and vault maps discovered:
D:1:      scummos_arrival_star, layout_loops_cross, serial_shops,
          nicolae_shop_window_shopping, minmay_pentomino_r2
D:2:      layout_rooms, skrybe_limestone_x, uniq_sigmund

Action                     || total
---------------------------++-------
   Cast: Magic Dart        ||    31
 Armour: Robe              ||     3
  Dodge: Dodged            ||     2

Table legend: (Time is in decaauts)
 A = Elapsed time spent in this place.
 B = Non-inter-level travel time spent in this place.
 C = Inter-level travel time spent in this place.
 D = Time resting spent in this place.
 E = Time spent auto-exploring this place.
 F = Levels seen in this place.
 G = Mean time per level.
                   A        B        C        D        E       F      G
               +--------+--------+--------+--------+--------+-----+--------+
         Total |    900 |    827 |     73 |      0 |    753 |   2 |  450.0 |
       Dungeon |    900 |    827 |     73 |      0 |    753 |   2 |  450.0 |
               +--------+--------+--------+--------+--------+-----+--------+

Top non-repeatable levels by time:
     D:1: 793 daAuts
     D:2: 106 daAuts
